 Dungeon Sprint DCSS version 0.31-a0-7-g51783674b7 (webtiles) character file.

Game seed: 9339535947576439485

525 sircluck the Grappler (level 7, -2/117 HPs)
             Began as a Troll Berserker on May 5, 2023.
             Was a High Priest of Trog.
             Slain by a gargoyle
             ... wielding a +0 mace
              (8 damage)
             ... in the Dungeon (Sprint IX: "|||||||||||||||||||||||||||||").
             The game lasted 00:00:48 (137 turns).

sircluck the Grappler (Troll Berserker)              Turns: 137, Time: 00:00:48

Health: -2/117     AC:  7    Str: 31    XL:     7   Next: 2%
Magic:  6/6        EV: 11    Int:  3    God:    Trog [*****.]
Gold:   0          SH:  0    Dex:  9    Spells: 6/6 levels left

rFire   . .          .
                       - Unarmed
rCold   . . .        (no shield)
rNeg    . . .        a - +0 animal skin
rPois   .            (helmet restricted)
rElec   .            j - +0 cloak
rCorr   .            (gloves unavailable)
SInv    .            (boots unavailable)
Will    .....        (no amulet) Stlth
                     k - +3 ring of strength
HPRegen 1.19/turn    l - +2 ring of protection
MPRegen 0.10/turn

%: no teleportation
@: berserking (expiring), slowed
A: large, unfitting armour, claws 3, regeneration 1, shaggy fur 1, tough skin 1
a: Renounce Religion, Berserk, Trog's Hand, Brothers in Arms


You were in the Dungeon.
You worshipped Trog.
Trog was extremely pleased with you.
You visited 1 branch

Inventory:

Armour
 a - a +0 animal skin (worn)
 j - a +0 cloak (worn)
Jewellery
 k - a +3 ring of strength (left claw)
 l - a +2 ring of protection (right claw)
Wands
 i - a wand of roots (10)
Scrolls
 g - 2 scrolls of blinking
Potions
 b - 4 potions of curing
 c - 2 potions of heal wounds
 d - a potion of haste
 e - 4 potions of magic
 h - a potion of invisibility


   Skills:
 + Level 7.2 Fighting
 + Level 7.0 Dodging
 + Level 1.1 Stealth
 + Level 10.3 Unarmed Combat


You had 6 spell levels left.
You didn't know any spells.
Your spell library was empty.

Dungeon Overview and Level Annotations

Branches:
Dungeon (1/1)

Altars:
Cheibriados
Dithmenos
Elyvilon
Fedhas
Gozag
Hepliaklqana
Kikubaaqudgha
Makhleb
Nemelex Xobeh
Okawaru
Qazlal
Ru
Sif Muna
Trog
Uskayaw
Vehumet
Wu Jian
Xom
Yredelemnul
Zin
The Shining One
Jiyva
Lugonu


Innate Abilities, Weirdness & Mutations

You are too large for most types of armour.
You have claws for hands.
Your natural rate of healing is unusually fast.
You are covered in fur. (AC +1)
You have tough skin. (AC +1)


Message History

You feel sick. The hornet closely misses you.
You miss the hornet.
The hornet is severely wounded.
You feel sick. The hornet barely misses you.
You mangle the hornet!!
You feel the power of Trog in you as your rage grows.
You kill the hornet!
Trog accepts your kill.
You feel sick.
The centaur wields a +0 shortbow.
The centaur shoots an arrow.
The arrow barely misses you.
Your Fighting skill increases to level 7!
Your Dodging skill increases to level 6!
Your Stealth skill increases to level 1!
Your Unarmed Combat skill gained 2 levels and is now at level 10!
You have reached level 6!
You feel stronger.
You claw the centaur!
The centaur is moderately wounded.
You feel sick.
The centaur unwields a +0 shortbow.
The centaur hits you but does no damage.
The centaur kicks you but does no damage.
You mangle the centaur!!
You kill the centaur!
Trog accepts your kill.
Trog will now gift you melee weapons as you gain piety.
You feel sick.
Your Dodging skill increases to level 7!
You have reached level 7!
You feel sick. The gargoyle hits you with a +0 mace.
* * * LOW HITPOINT WARNING * * *
Items here: ( ))) ††.
You barely miss the gargoyle.
You feel sick.
You are no longer poisoned.
The gargoyle hurls a stone arrow at you.
The stone arrow hits you!
* * * LOW HITPOINT WARNING * * *
You claw the gargoyle!
The gargoyle is severely damaged.
The gargoyle hits you with a +0 mace!
You die...

▓+▓
▓.▓
▓.▓
▓.▓
▓.▓
▓9▓
▓@▓
▓)▓
▓.▓
▓.▓
▓[▓
▓[▓
▓.▓
▓.▓
▓)▓


You could see a gargoyle.

Vanquished Creatures
  A hornet (D)
  2 centaurs (D)
  A kobold brigand (D)
  An orc wizard (D)
  A sleepcap (D)
  An iguana (D)
  An adder (D)
  An orc (D)
  An endoplasm (D)
  A hobgoblin (D)
  A quokka (D)
  2 bats (D)
  A frilled lizard (D)
15 creatures vanquished.

Notes
Turn   | Place    | Note
-------+----------+-------------------------------------------
     0 | D        | sircluck the Troll Berserker began the quest for the Orb.
     0 | D        | Reached XP level 1. HP: 22/22 MP: 0/0
     7 | D        | Reached ** piety under Trog
    17 | D        | Noticed an iguana
    17 | D        | Noticed a sleepcap
    24 | D        | Killed a sleepcap
    25 | D        | Reached skill level 4 in Unarmed Combat
    25 | D        | Reached XP level 2. HP: 23/32 MP: 1/1
    25 | D        | Reached XP level 3. HP: 28/39 MP: 2/2
    27 | D        | Reached *** piety under Trog
    28 | D        | Reached skill level 5 in Unarmed Combat
    36 | D        | Reached XP level 4. HP: 31/49 MP: 3/3
    60 | D        | Found a snail-covered altar of Cheibriados.
    60 | D        | Found a shadowy altar of Dithmenos.
    60 | D        | Found a white marble altar of Elyvilon.
    60 | D        | Found a blossoming altar of Fedhas.
    60 | D        | Found an opulent altar of Gozag.
    61 | D        | Found a hazy altar of Hepliaklqana.
    62 | D        | Found a viscous altar of Jiyva.
    63 | D        | Found an ancient bone altar of Kikubaaqudgha.
    64 | D        | Found a corrupted altar of Lugonu.
    65 | D        | Found a burning altar of Makhleb.
    66 | D        | Found a sparkling altar of Nemelex Xobeh.
    67 | D        | Found an iron altar of Okawaru.
    68 | D        | Found a stormy altar of Qazlal.
    69 | D        | Found a sacrificial altar of Ru.
    70 | D        | Found a shimmering blue altar of Sif Muna.
    71 | D        | Found a bloodstained altar of Trog.
    72 | D        | Found a hide-covered altar of Uskayaw.
    73 | D        | Found a radiant altar of Vehumet.
    74 | D        | Found an ornate altar of the Wu Jian Council.
    75 | D        | Found a shimmering altar of Xom.
    76 | D        | Found a basalt altar of Yredelemnul.
    77 | D        | Found a glowing silver altar of Zin.
    78 | D        | Found a glowing golden altar of the Shining One.
   110 | D        | Noticed a gargoyle
   110 | D        | Noticed a centaur
   110 | D        | Noticed a hornet
   110 | D        | Noticed a kobold brigand
   110 | D        | Noticed a centaur
   111 | D        | Reached **** piety under Trog
   112 | D        | Reached skill level 6 in Unarmed Combat
   116 | D        | Killed a centaur
   117 | D        | Reached skill level 5 in Fighting
   117 | D        | Reached skill level 5 in Dodging
   117 | D        | Reached skill level 7 in Unarmed Combat
   117 | D        | Reached XP level 5. HP: 55/58 MP: 4/4
   121 | D        | Reached skill level 8 in Unarmed Combat
   124 | D        | Paralysed by a hornet for 2 turns
   128 | D        | Paralysed by a hornet for 1 turns
   132 | D        | Killed a hornet
   133 | D        | Reached skill level 1 in Stealth
   133 | D        | Reached skill level 10 in Unarmed Combat
   133 | D        | Reached XP level 6. HP: 24/71 MP: 5/5
   134 | D        | Reached ***** piety under Trog
   135 | D        | Reached XP level 7. HP: 26/78 MP: 6/6
   136 | D        | HP: 5/117 [gargoyle/stone arrow (17)]
   137 | D        | Slain by a gargoyle

Illustrated notes

Levels and vault maps discovered:
D:        linesprint [early_d, line_temple, items_1, d_10, items_2, lair_1,
          lair_end, items_3, orc_1, orc_end, items_4, d_15, swamp_1, shoals_1,
          snake_1, spider_1, d_20, vaults_1, items_5, swamp_end, shoals_end,
          snake_end, spider_end, vaults_end, d_27, items_6, zot_1, zot_end,
          crypt_end, forest_end, elf_end, slime_end, tomb_end, abyss_end,
          pan_hell_end]

Skill      XL: |  1  2  3  4  5  6 |
---------------+-------------------+-----
Fighting       | 3 4 5 7 |  7.2
Dodging        | 3 4 5 6 7 |  7.0
Unarmed Combat | 4 5 7 10 | 10.3
Stealth        | 1 |  1.1

Action                     |  1- 3 |  4- 6 |  7- 9 || total
---------------------------+-------+-------+-------++-------
  Melee: Unarmed           |    24 |    22 |     2 ||    48
    Use: Potion            |       |     3 |       ||     3
   Stab: Sleeping          |     1 |       |       ||     1
 Armour: Animal skin       |     2 |     8 |       ||    10
  Dodge: Dodged            |     9 |    13 |       ||    22

Table legend: (Time is in decaauts)
 A = Elapsed time spent in this place.
 B = Non-inter-level travel time spent in this place.
 C = Inter-level travel time spent in this place.
 D = Time resting spent in this place.
 E = Time spent auto-exploring this place.
 F = Levels seen in this place.
 G = Mean time per level.
                   A        B        C        D        E       F      G
               +--------+--------+--------+--------+--------+-----+--------+
         Total |    132 |    132 |      0 |      0 |     29 |   1 |  132.0 |
       Dungeon |    132 |    132 |      0 |      0 |     29 |   1 |  132.0 |
               +--------+--------+--------+--------+--------+-----+--------+

Top non-repeatable levels by time:
       D: 132 daAuts
